 Dungeon Crawl Stone Soup version 0.20.1-1-g8b1a95d (webtiles) character file.

162 Linguinho the Skirmisher (level 5, -4/42 HPs)
             Began as a Demonspawn Monk on Nov 9, 2017.
             Slain by Natasha (6 damage)
             ... on level 2 of the Dungeon.
             The game lasted 00:05:09 (2566 turns).

Linguinho the Skirmisher (Demonspawn Monk)          Turns: 2566, Time: 00:05:11

Health: -4/42      AC:  6    Str: 13      XL:     5   Next: 19%
Magic:  5/5        EV: 12    Int: 11      God:
Gold:   71         SH:  0    Dex: 14 (15) Spells: 4/4 levels left

rFire    . . .     SeeInvis .   a - +0 spear
rCold    . . .     Gourm    .   (no shield)
rNeg     . . .     Faith    .   m - +0 ring mail
rPois    .         Spirit   .   (no helmet)
rElec    .         Reflect  .   (no cloak)
rCorr    .         Harm     .   g - +0 pair of gloves
MR       .....                  (no boots)
Stlth    +.........             (no amulet)
Regen    0.2/turn               j - ring of wizardry
MPRegen  0.1/turn               (no ring)

@: no status effects
A: talons 2, rot immunity
a: no special abilities


You were on level 2 of the Dungeon.
You were not hungry.

You visited 1 branch of the dungeon, and saw 2 of its levels.

You collected 71 gold pieces.

Inventory:

Hand Weapons
 a - a +0 spear (weapon)
Armour
 g - a +0 pair of gloves (worn)
 m - a +0 ring mail (worn)
Jewellery
 j - a ring of wizardry (left hand)
Scrolls
 c - 2 scrolls of random uselessness {unknown}
 d - 2 scrolls of identify {unknown}
 e - a scroll of teleportation {unknown}
 f - 3 scrolls of fear {unknown}
Potions
 k - a potion of ambrosia {unknown}
 l - a potion of berserk rage {unknown}
Comestibles
 h - a meat ration
 i - a royal jelly


   Skills:
 + Level 4.0 Fighting
 + Level 4.0 Polearms
 + Level 3.4 Dodging
 + Level 2.3 Stealth


You had 4 spell levels left.
You didn't know any spells.

Dungeon Overview and Level Annotations

Branches:
Dungeon (2/15)

Altars:
Uskayaw

Annotations:
D:2 Natasha


Innate Abilities, Weirdness & Mutations

You have razor-sharp toenails.
You are immune to rotting.


Message History

Natasha barely misses you.
You hit Natasha but do no damage. Your kick misses Natasha.
Natasha is severely wounded.
Natasha casts a spell at you. The magic dart hits you!
* * * LOW HITPOINT WARNING * * *
Natasha closely misses you.
You closely miss Natasha.
Natasha is severely wounded.
You feel yourself speed up. Natasha casts a spell at you.
The magic dart hits you!
* * * LOW HITPOINT WARNING * * *
You hit Natasha but do no damage. You claw Natasha, but do no damage.
Natasha is severely wounded.
Natasha closely misses you.
You hit Natasha.
Natasha is almost dead.
Natasha claws you.
You die...

..............................[..
#.....######.#.##..........######
'.....# #.#..'รท.........#
#.....# #.#..#..........# ......#
##.....###..########## ......#
#<......# #...........# ......#
####....###.......###.#
#.5h.....#####.#...#
####.#@#########.#.####
.........!..............
#####.#.#########.#.#### #.#..
#.....#.# # ### #.#####.# #.# #.#
#.# #.# #.# #.#### #.# #.....


You could see Natasha and a crimson imp.

Vanquished Creatures
  Terence (D:2)
  Natasha (twice) (D:2)
  4 adders (D:2)
  2 worms (D:2)
  3 dart slugs
  A leopard gecko (D:2)
  4 hobgoblins
  4 bats (D:1)
  A frilled lizard (D:1)
  11 goblins
  6 kobolds
  2 rats
41 creatures vanquished.

Notes
Turn   | Place    | Note
-------+----------+-------------------------------------------
     0 | D:1      | Linguinho the Demonspawn Monk began the quest for the Orb.
     0 | D:1      | Reached XP level 1. HP: 18/18 MP: 1/1
   236 | D:1      | Gained mutation: You have sharp toenails. [demonic ancestry]
   236 | D:1      | Reached XP level 2. HP: 22/24 MP: 2/2
   689 | D:2      | Gained mutation: You have razor-sharp toenails. [demonic ancestry]
   689 | D:2      | Reached XP level 3. HP: 7/29 MP: 3/3
   774 | D:2      | Noticed Natasha
   793 | D:2      | Killed Natasha
  1023 | D:2      | Reached XP level 4. HP: 37/37 MP: 4/4
  1039 | D:2      | Noticed Natasha
  1072 | D:2      | Killed Natasha
  1101 | D:2      | Noticed Natasha
  1439 | D:2      | Noticed Terence
  1469 | D:2      | Killed Terence
  1779 | D:2      | Found a hide-covered altar of Uskayaw.
  1891 | D:2      | Gained mutation: You are immune to rotting. [demonic ancestry]
  1891 | D:2      | Reached XP level 5. HP: 39/42 MP: 5/5
  1983 | D:2      | HP: 2/42 [poisoned by an adder]
  1991 | D:2      | HP: 1/42 [poisoned by an adder]
  2564 | D:2      | HP: 2/42 [Natasha/magic dart (3)]
  2566 | D:2      | Slain by Natasha

Skill      XL: |  1  2  3  4  5 |
---------------+----------------+-----
Dodging        | 3 |  3.4
Stealth        | 2 |  2.3
Polearms       | 3 4 |  4.0
Fighting       | 4 |  4.0

Action                   |  1- 3 |  4- 6 || total
-------------------------+-------+-------++-------
Melee: Spear             |    91 |   100 ||   191
       Kick              |    18 |    22 ||    40
  Use: Potion            |     2 |       ||     2
 Stab: Sleeping          |     2 |     1 ||     3
  Eat: Bread ration      |       |     1 ||     1
       Chunk             |       |     1 ||     1
Armor: Robe              |     7 |     2 ||     9
       Ring mail         |       |     3 ||     3
Dodge: Dodged            |    33 |    35 ||    68
